[Event "Satranc Arena IM Series-1 2024"]
[Site "Izmir"]
[Date "2024.03.22"]
[Round "9.4"]
[White "Ozsakallioglu, Okan"]
[Black "Kuru, Atilla"]
[Result "1/2-1/2"]
[ECO "B48"]
[WhiteElo "2365"]
[BlackElo "2246"]
[Annotator "TA"]
[PlyCount "121"]
[EventDate "2024.03.22"]
[EventCountry "TUR"]
[SourceTitle "playchess.com"]
[Source "ChessBase"]
[SourceQuality "1"]
[TimeControl "5400+30"]

1. e4 c5 2. Nf3 e6 3. d4 cxd4 4. Nxd4 Nc6 5. Nc3 Qc7 6. Be3 a6 7. Qd2 b5 8. Nxc6 Qxc6 9. a3 Nf6 10. Bd3 b4 11. axb4 Bxb4 12. Bd4 {[%emt 0:00:12] Qg5 wäre nun fies.} Bb7 13. O-O (13. Qg5 {hält die Spannung aufrecht.} Nxe4 14. Qxg7 O-O-O 15. f3) 13... Bxc3 14. Bxc3 {[%emt 0:01:06] Rfe1 ist eine echte Drohung.} Nxe4 {[%emt 0:00:26] Schwarz hat schwache schwarze Felder} 15. Bxe4 Qxe4 {[%emt 0:00:04][%csl Gb7][%cal Re4g2] [#]} 16. f3 {[%emt 0:00:07] Aktives Gegenspiel!} (16. Bxg7 $2 Qxg2#) 16... Qd5 17. Qxd5 Bxd5 18. Bxg7 Rg8 19. Bd4 Ke7 20. b3 Bc6 21. Ra5 d5 22. f4 f5 (22... h5 $11) 23. Rf3 $14 Rg6 24. Kf2 Kd7 25. Rh3 h6 26. Rg3 Rxg3 27. Kxg3 {[%emt 0:00:06][%mdl 4096] Endspiel. KRB-KRB} Rg8+ 28. Kf2 Bb5 29. b4 Ke8 30. Ra3 Kf7 31. Rh3 Rg6 32. Be5 Ke7 33. Rh4 Ba4 34. Rh3 Kd7 35. Rc3 Bc6 36. g3 Rg8 37. Ra3 Bb5 38. Bd4 h5 39. h4 Rc8 40. Bc5 Rg8 41. Ke1 Re8 42. Re3 e5 43. fxe5 Ke6 44. Kf2 Rg8 (44... Rc8 $5) 45. c3 Rg4 46. Bd4 Bc4 47. Kf3 Bb5 48. Re1 Bd3 49. Be3 Re4 50. Kf2 Rxe5 51. Rd1 Bc4 52. Rd4 Re4 53. Rxe4+ fxe4 {[%emt 0:00:00] KB-KB. Die Stellung ist ausgeglichen.} 54. g4 hxg4 55. h5 Kf5 56. h6 {[%emt 0:00:04] [#] Und h7 würde nun gewinnen.} Kg6 57. Kg3 Be2 58. Kh4 Bd1 59. Kg3 Be2 60. Kh4 Bd1 61. Kg3 {[%emt 0:00:01] Gewichteter Fehlerwert: Weiß=0.08 (makellos) /Schwarz=0.08 (makellos) .  Fehler:       	---       	Schwarz=1     Ungenau:       	Weiß=7     	Schwarz=6     OK:         	Weiß=12    	Schwarz=26    Bester:       	Weiß=2     	Schwarz=3} 1/2-1/2

[Event "Satranc Arena IM Series-1 2024"]
[Site "Izmir"]
[Date "2024.03.22"]
[Round "9.5"]
[White "Yermolinsky, Alex"]
[Black "David, Alexandru-Vasile"]
[Result "1/2-1/2"]
[ECO "D35"]
[WhiteElo "2421"]
[BlackElo "2360"]
[Annotator "TA"]
[PlyCount "60"]
[EventDate "2024.03.22"]
[EventCountry "TUR"]
[SourceTitle "playchess.com"]
[Source "ChessBase"]
[SourceQuality "1"]
[TimeControl "5400+30"]

1. d4 Nf6 2. c4 e6 3. Nf3 d5 4. Nc3 Nbd7 5. cxd5 exd5 6. Qc2 Bb4 7. a3 Bxc3+ 8. bxc3 {[%emt 0:00:02] The position is equal.} c5 9. e3 Qa5 10. Bd2 c4 11. Be2 O-O 12. O-O Ne4 13. Rfc1 Nb6 14. Be1 Bg4 15. h3 Bxf3 16. Bxf3 f5 17. Rcb1 Rf7 18. a4 Nc8 19. Bd1 Qc7 20. f3 Ng5 21. Qf2 Qe7 22. Bd2 Ne6 23. Bc2 Nd6 24. Qg3 Qd7 25. Re1 b6 26. Bc1 Rf6 27. Re2 Re8 28. Ba3 Nf7 29. Rae1 Rg6 30. Qh2 Rf6 {[%emt 0:00:44] Weighted Error Value: White=0.09 (flawless) /Black=0.15 (very precise) .  Inaccurate:     	White=2     	Black=3      OK:         	White=9     	Black=5} 1/2-1/2